 Dungeon Crawl Stone Soup version 0.30-a0-772-g5528072125 (webtiles) character file.

Game seed: 82626174917009038

295 dolemite99 the Magician (level 6, 0/40 HPs)
             Began as a Djinni Fire Elementalist on Feb 13, 2023.
             Was a Follower of Yredelemnul.
             Splashed by a jelly's acid (5 damage)
             ... while paralysed by Grinder
             ... on level 4 of the Dungeon.
             The game lasted 00:06:07 (3912 turns).

dolemite99 the Magician (Djinni Fire Elementalist)  Turns: 3912, Time: 00:06:07

Health: 0/40       AC:  2    Str:  7    XL:     6   Next: 61%
Gold:   138        EV:  2    Int: 19    God:    Yredelemnul [*.....] SH:  0 Dex: 13

rFire   + + .      SeeInvis .    w - +0 sling (heavy)
rCold   x . .      Faith    .    (no shield)
rNeg    . . .      Spirit   .    r - +0 robe
rPois   ∞          Reflect  .    (no helmet)
rElec   .          Harm     .    (no cloak)
rCorr   .          Rampage  .    (no gloves)
Will    .....                    (boots unavailable)
Stlth   ++                       (no amulet)
HPRegen 0.26/turn                (no ring)
MPRegen 0.00/turn                (no ring)

@: paralysed, flying
A: sickness immunity, fire resistance 2, cold vulnerability 1, float, innate
caster, HP casting, extra vitality 1
a: Renounce Religion, Recall Undead Harvest


You were on level 4 of the Dungeon.
You worshipped Yredelemnul.
Yredelemnul was noncommittal.
You visited 1 branch of the dungeon, and saw 4 of its levels.

You collected 138 gold pieces.

Inventory:

Hand Weapons
 j - a +0 dagger
 o - a +2 dagger of electrocution
 w - a +0 heavy sling (weapon)
Missiles
 t - 15 poisoned darts
Armour
 r - a +0 robe (worn)
Magical Staves
 a - a staff of cold
Jewellery
 h - a +4 ring of protection
 l - an amulet of the acrobat
 u - a ring of ice
Wands
 v - a wand of charming (11)
Scrolls
 f - a scroll of brand weapon
 g - a scroll of amnesia {unknown}
 k - 4 scrolls of teleportation
 n - a scroll of enchant weapon {unknown}
 q - a scroll of fog {unknown}
 s - a scroll of identify {@r1}
Potions
 b - 2 potions of flight {unknown}
 c - 3 potions of mutation
 d - 2 potions of curing
 i - a potion of brilliance {unknown}
 m - 2 potions of magic {unknown}
 p - 2 potions of attraction {unknown}
 x - a potion of heal wounds {unknown}
 z - a potion of invisibility {unknown}


   Skills:
 - Level 2.1 Dodging
 - Level 1.5 Stealth
 + Level 5.3 Spellcasting


You couldn't memorise any spells.
You knew the following spells:

 Your Spells              Type           Power      Damage    Failure   Level
a - Foxfire               Conj/Fire      100%       2x1d9     1%          1
b - Scorch                Fire           50%        2d8       1%          2
c - Kindle Blastsparks    Fire/Tloc/Air  50%        2d14      4%          3
d - Inner Flame           Hex/Fire       25%        N/A       4%          3
e - Flame Wave            Conj/Fire      25%        2d8       13%         4
f - Necrotise             Necr           100%       1d9       1%          1
g - Searing Ray           Conj           50%        2d6       1%          2
Your spell library was empty.

Dungeon Overview and Level Annotations

Branches:
Dungeon (4/15)             Temple (0/1) D:4

Altars:
Dithmenos
Yredelemnul

Shops:
D:2 :!

Annotations:
D:4 Grinder


Innate Abilities, Weirdness & Mutations

You are immune to sickness and miasma.
You are immune to poison.
Your flesh is very heat resistant. (rF++)
You are vulnerable to cold. (rC-)
You float through the air rather than walking.
You learn spells naturally, not from books.
Your magical power is your life essence.
You have superior vitality. (+4 MHP)


Message History

Anything else - Cancel.
Follow me!
You reach down and open the door.
Found a staircase to the Ecumenical Temple.
There is an open door here.
There is a staircase to the Ecumenical Temple here.
You reach down and open the door.
There is an open door here.
You reach down and open the door.
An ufetubus and a kobold come into view.
The ufetubus shouts!
You hear a shout!
The kobold shouts!
A jelly comes into view.
Grinder comes into view.
There is an open door here.
The ufetubus misses you. The ufetubus hits you.
Casting: Scorch (safe; 1% risk of failure)
Confirm with . or Enter, or press ? or * to list all spells.
You conjure some foxfire!
The ufetubus hits you. The ufetubus barely misses you.
The foxfire hits the kobold but does no damage.
Grinder blinks!
The ufetubus closely misses you. x2
The foxfire hits Grinder.
Grinder is lightly wounded.
The ufetubus hits you but does no damage.
The ufetubus closely misses you. Grinder gestures at you.
You suddenly lose the ability to move!
Your orc zombie hits the kobold but does no damage.
The ufetubus hits you.
The ufetubus hits you but does no damage.
The ufetubus hits you. x2; The kobold hits you with a +0 dagger.
The jelly hits you.
You are splashed with acid!
* * * LOW HITPOINT WARNING * * *
The ufetubus barely misses you. The ufetubus hits you.
* * * LOW HITPOINT WARNING * * *
Your orc zombie closely misses the kobold.
The jelly hits you.
* * * LOW HITPOINT WARNING * * *
You are splashed with acid.
You die...
Your body rises from the dead as a mindless zombie.

#.##.....#
########.##.....#
..........Z....>#
#######..####'####
#..#.......#
##.#.......#
#Z'...>...#
#####Z#.......#
#..5@Z#.......#
#..JK5#########
#.......
#.........
...........#
............#
.............#
.............#


You could see Grinder (ally target), a jelly, an ufetubus, a kobold (ally
target), a friendly orc zombie and 2 friendly orc priest zombies.

Vanquished Creatures
  A kobold brigand (D:3)
  2 orc priests (D:4)
  An orc wizard (D:3)
  A scorpion zombie (D:3)
  4 adders
  A worm (D:2)
  A dart slug (D:1)
  4 orcs
  5 bats
  5 endoplasms
  2 giant cockroaches (D:1)
  7 hobgoblins
  3 jackals (D:3)
  2 quokkas (D:1)
  7 ball pythons
  A ball python zombie (D:3)
  5 frilled lizards
  5 goblins
  6 kobolds
  13 rats
76 creatures vanquished.

Vanquished Creatures (collateral kills)
  An orc (D:3)
  A jackal (D:3)
2 creatures vanquished.

Vanquished Creatures (others)
  An adder zombie (D:3)
  A ball python zombie (D:3)
  A frilled lizard zombie (D:3)
  2 jackal zombies (D:3)
  An orc zombie (D:3)
  93 foxfires
99 creatures vanquished.

Grand Total: 177 creatures vanquished

Notes
Turn   | Place    | Note
-------+----------+-------------------------------------------
     0 | D:1      | dolemite99 the Djinni Fire Elementalist began the quest for
                  | the Orb.
     0 | D:1      | dolemite99 set off with the following spells memorised:
                  | Foxfire, Scorch, Kindle Blastsparks, Inner Flame, Flame
                  | Wave.
     0 | D:1      | Reached XP level 1. HP: 15/15 MP: 0/0
    37 | D:1      | Found a faded altar of an unknown god.
   170 | D:1      | Reached XP level 2. HP: 7/21 MP: 0/0
   420 | D:1      | Reached skill level 3 in Spellcasting
   600 | D:1      | Reached XP level 3. HP: 24/25 MP: 0/0
   600 | D:1      | Learned a level 1 spell: Necrotise
  1680 | D:2      | Found Veiqinnue's Book Boutique.
  1765 | D:2      | Reached XP level 4. HP: 25/31 MP: 0/0
  1840 | D:2      | Found Ewiunix's Distillery.
  2247 | D:3      | Noticed a kobold brigand
  2300 | D:3      | Killed a kobold brigand
  2301 | D:3      | Reached skill level 4 in Spellcasting
  2301 | D:3      | Reached XP level 5. HP: 28/35 MP: 0/0
  2301 | D:3      | Learned a level 2 spell: Searing Ray
  2676 | D:3      | Found a basalt altar of Yredelemnul.
  2751 | D:3      | Became a worshipper of Yredelemnul the Dark
  2840 | D:3      | Reached XP level 6. HP: 12/40 MP: 0/0
  2978 | D:3      | Found a shadowy altar of Dithmenos.
  2983 | D:3      | Reached * piety under Yredelemnul
  3017 | D:3      | Reached skill level 5 in Spellcasting
  3896 | D:4      | Found a staircase to the Ecumenical Temple.
  3907 | D:4      | Noticed Grinder
  3910 | D:4      | Paralysed by Grinder for 3 turns
  3912 | D:4      | Splashed by a jelly's acid

Illustrated notes

Levels and vault maps discovered:
D:1:      dpeg_arrival_tiny_f, layout_loops_corners, basic_ecumenical_altar,
          minmay_close_crescents
D:2:      layout_basic, serial_shops,
          nicolae_shop_temple_entry_statues_fountains, shop,
          nicolae_underground_beach
D:3:      layout_basic, lemuel_zombie_altar_yredelemnul,
          grunt_dithmenos_smoke_and_mirrors, nicolae_overflow_two_pavilions
D:4:      layout_basic, temple_green, hangedman_decor_clover_reticule,
          uniq_sigmund, uniq_grinder, uniq_eustachio

Skill      XL: |  1  2  3  4  5  6 |
---------------+-------------------+-----
Spellcasting   | 3 4 5 |  5.3
Dodging        | |  2.1
Stealth        | |  1.5

Action                     |  1- 3 |  4- 6 || total
---------------------------+-------+-------++-------
  Melee: Dagger            |     4 |       ||     4
         Staff             |       |     2 ||     2
         Punch             |       |     1 ||     1
   Fire: Sling             |       |     3 ||     3
   Cast: Foxfire           |    36 |    17 ||    53
         Scorch            |    15 |    35 ||    50
    Use: Scroll            |     2 |     4 ||     6
         Potion            |       |     2 ||     2
 Armour: Robe              |     3 |    11 ||    14
  Dodge: Dodged            |    20 |    45 ||    65

Table legend: (Time is in decaauts)
 A = Elapsed time spent in this place.
 B = Non-inter-level travel time spent in this place.
 C = Inter-level travel time spent in this place.
 D = Time resting spent in this place.
 E = Time spent auto-exploring this place.
 F = Levels seen in this place.
 G = Mean time per level.
                   A        B        C        D        E       F      G
               +--------+--------+--------+--------+--------+-----+--------+
         Total |   3913 |   3777 |    136 |   1044 |   1964 |   4 |  978.2 |
       Dungeon |   3913 |   3777 |    136 |   1044 |   1964 |   4 |  978.2 |
               +--------+--------+--------+--------+--------+-----+--------+

Top non-repeatable levels by time:
     D:1: 1406 daAuts
     D:3: 1254 daAuts
     D:2: 816 daAuts
     D:4: 437 daAuts
